[Event "*** SCC Grand Prix: Titled Tuesday Blitz"]
[Site "Chess.com"]
[Date "2020.08.04"]
[Round "7"]
[White "Slovak_fighter2000"]
[Black "Lagmantr"]
[Result "1/2-1/2"]
[WhiteElo "2457"]
[BlackElo "2624"]
[TimeControl "180+1"]
[EndTime "15:01:16 PDT"]
[Termination "Game drawn by repetition"]

1. d4 d5 2. Nf3 Nf6 3. Bf4 g6 4. e3 Bg7 5. Be2 O-O 6. O-O b6 7. h3 Bb7 8. c4 dxc4 9. Bxc4 Nbd7 10. Nc3 Ne4 11. Nxe4 Bxe4 12. Nd2 Bb7 13. Qe2 e5 14. dxe5 Nxe5 15. Bxe5 Bxe5 16. Nf3 Bxf3 17. gxf3 Qg5+ 18. Kh1 Qh4 19. Kg2 Bxb2 20. Rad1 Bg7 21. f4 g5 22. fxg5 Qxg5+ 23. Qg4 Qxg4+ 24. hxg4 Rad8 25. Bb3 c5 26. Rxd8 Rxd8 27. Rd1 Rxd1 28. Bxd1 b5 29. Kf3 Bf6 30. Ke4 Bh4 31. f4 Bf2 32. Kf3 Bg1 33. e4 c4 34. e5 a5 35. Be2 a4 36. Ke4 Bh2 37. f5 Kg7 38. Kd5 c3 39. Bd1 a3 40. e6 fxe6+ 41. Kxe6 b4 42. f6+ Kf8 43. Bc2 h6 44. Bb3 Bg3 45. Kf5 Bf2 46. Kg6 Be3 47. Kf5 Bd4 48. Kg6 Ke8 49. f7+ Kf8 50. Kxh6 c2 51.
Bxc2 Kxf7 52. Bb3+ Kf8 53. g5 Bg7+ 54. Kg6 Bc3 55. Kf5 Bb2 56. g6 Bc3 57. Ke4 Bb2 58. Bf7 Kg7 59. Kd3 Bc3 60. Kc2 Bf6 61. Kb3 Bc3 62. Kc2 Bb2 63. Kb3 Bc3 64. Kc2 1/2-1/2

[Event "*** SCC Grand Prix: Titled Tuesday Blitz"]
[Site "Chess.com"]
[Date "2020.08.04"]
[Round "7"]
[White "MPGM"]
[Black "Filip_Covic"]
[Result "0-1"]
[WhiteElo "2493"]
[BlackElo "2367"]
[TimeControl "180+1"]
[EndTime "15:01:17 PDT"]
[Termination "Filip_Covic won by resignation"]

1. d4 Nf6 2. c4 g6 3. Nf3 Bg7 4. g3 d5 5. cxd5 Nxd5 6. Bg2 O-O 7. O-O Nb6 8. e4 Nc6 9. d5 Na5 10. Qe1 Nac4 11. Nc3 a5 12. b3 Ne5 13. Nxe5 Bxe5 14. Bh6 Re8 15. Rc1 a4 16. b4 a3 17. h3 e6 18. Qd1 exd5 19. Nxd5 Nxd5 20. exd5 Bd7 21. Kh2 Bd6 22. Re1 Qf6 23. Qd2 Qb2 24. Rc2 Qxb4 25.
Qxb4 Bxb4 26. Rxe8+ Rxe8 27. Rxc7 Bc8 28. Be3 Bd6 29.
Rc3 b5 30. Bc5 b4 31. Rc2 Bf5 32. Rc1 Rc8 33. Be3 Rxc1 34. Bxc1 Bb1 35. Bf4 Bxf4 36. gxf4 Bxa2 37. d6 Be6 38. Bd5 Bd7 39. Kg2 Kf8 40. Kf3 Bc6 41. Bxc6 a2 0-1

[Event "*** SCC Grand Prix: Titled Tuesday Blitz"]
[Site "Chess.com"]
[Date "2020.08.04"]
[Round "7"]
[White "xberli"]
[Black "PotapovaM"]
[Result "0-1"]
[WhiteElo "2333"]
[BlackElo "2536"]
[TimeControl "180+1"]
[EndTime "15:01:18 PDT"]
[Termination "PotapovaM won on time"]

1. e4 c5 2. Nf3 d6 3. d4 cxd4 4. Nxd4 Nf6 5. Nc3 a6 6. Bg5 e6 7. f4 h6 8. Bh4 Qb6 9. Qd2 Qxb2 10. Rb1 Qa3 11. Be2 Be7 12. O-O O-O 13. e5 dxe5 14.
fxe5 Nd5 15. Bxe7 Qxe7 16. Ne4 Nd7 17. c4 Nc7 18. Nf6+ gxf6 19. exf6 Nxf6 20. Qxh6 Nh7 21. Rb3 f5 22. Rg3+ Kh8 23. Nf3 Qf6 24. Rg6 Qe7 25. Kh1 Bd7 26. Ne5 Rf6 27. Bh5 Bc6 28. Rd1 Raf8 29. c5 Rc8 30. Rd6 a5 31. a3 a4 32.
h3 Ra8 33. Kh2 Rb8 34. Kh1 Rc8 35. Kh2 Ne8 36. Rd4 Bd5 37. Rh4 Qc7 38. Rxf6 Qxe5+ 0-1

[Event "*** SCC Grand Prix: Titled Tuesday Blitz"]
[Site "Chess.com"]
[Date "2020.08.04"]
[Round "7"]
[White "Jospem"]
[Black "KuzubovYuriy"]
[Result "1-0"]
[WhiteElo "2938"]
[BlackElo "2831"]
[TimeControl "180+1"]
[EndTime "15:01:20 PDT"]
[Termination "Jospem won on time"]

1. e4 c5 2. Nf3 Nc6 3. d4 cxd4 4.
Nxd4 Nf6 5. Nc3 e5 6. Ndb5 d6 7. Nd5 Nxd5 8. exd5 Nb8 9. a4 Be7 10. Be2 O-O 11. O-O f5 12. f4 a6 13. Na3 exf4 14. Bxf4 g5 15. Bd2 Nd7 16. Kh1 Ne5 17.
Bc3 Bf6 18. Bd3 f4 19. Bxe5 Bxe5 20. Nc4 Bg7 21. Qh5 Bf5 22. a5 Rc8 23. Rae1 Bxd3 24.
cxd3 Qf6 25. h3 Rc5 26. Nb6 Rxa5 27. Nd7 Qf7 28. Qxg5 Rxd5 29. Nf6+ Qxf6 30. Qxd5+ Kh8 31. Qxb7 a5 32. Qb5 Qxb2 33. Qxa5 Bc3 34. Rb1 Qd2 35. Qd5 Be5 36. Rbd1 Qe3 37. d4 Bg7 38. Qxd6 Rg8 39.
Qxf4 Qb3 40. d5 Bc3 41. Qf3 Qb2 42. d6 Be5 43. d7 Bc7 44. Qf6+ Qxf6 45. Rxf6 Kg7 46.
Rc6 Bd8 47. Rc8 Kf7 48. Re1 Rf8 49. Rf1+ Ke7 50. Rxf8 1-0

[Event "*** SCC Grand Prix: Titled Tuesday Blitz"]
[Site "Chess.com"]
[Date "2020.08.04"]
[Round "7"]
[White "Ural_bogatyr"]
[Black "PauloCesarCosta_sad"]
[Result "1-0"]
[WhiteElo "2366"]
[BlackElo "2235"]
[TimeControl "180+1"]
[EndTime "15:01:21 PDT"]
[Termination "Ural_bogatyr won on time"]

1. d4 d5 2. Bf4 e6 3. e3 Bd6 4. Bg3 Nf6 5. Nf3 c5 6. Nbd2 Qc7 7. Ne5 Nbd7 8. f4 Qb6 9. c3 Qxb2 10. Rc1 Qxa2 11.
Bd3 O-O 12. O-O Qa5 13. Bh4 c4 14. Bb1 Ba3 15. Rc2 b5 16. g4 a6 17. g5 Ne8 18.
Ndf3 Nc7 19. Nc6 Qa4 20. Nfe5 Nxe5 21. Nxe5 a5 22. Qf3 b4 23. Rg2 b3 24. Ng4 Ne8 25.
Nf6+ Nxf6 26. gxf6 g6 27. f5 exf5 28. Qf4 Kh8 29. Qh6 Rg8 30. Bg3 Bf8 31. Qh3 Be6 32.
Be5 f4 33. Qh4 Qd7 34. exf4 Bf5 35. Rg5 Bxb1 36. Rxb1 a4 37. f5 a3 38. fxg6 1-0

[Event "*** SCC Grand Prix: Titled Tuesday Blitz"]
[Site "Chess.com"]
[Date "2020.08.04"]
[Round "7"]
[White "tan275"]
[Black "FMJoseHerrera"]
[Result "0-1"]
[WhiteElo "2253"]
[BlackElo "2505"]
[TimeControl "180+1"]
[EndTime "15:01:24 PDT"]
[Termination "FMJoseHerrera won by checkmate"]

1. d4 f6 2. c4 g6 3. g3 Kf7 4. Bg2 Kg7 5. e4 h5 6. h4 Nh6 7. Ne2 Ng4 8. f3 Nh6 9. Nbc3 e6 10. Be3 c6 11. Qd2 d5 12. O-O dxe4 13. Bxh6+ Rxh6 14. fxe4 e5 15. d5 Bg4 16. Kh2 g5 17. Rad1 gxh4 18. gxh4 Rg6 19. Qe1 Qb6 20. Rd2 Kh7 21. Ng3 Bh6 22.
Rdf2 Bf4 23. Ne2 Bxe2 24. Rxe2 Bxg3+ 25. Qxg3 Rxg3 26. Kxg3 Nd7 27. Bh3 Rg8+ 28. Kh2 Qc7 29. Bf5+ Kh6 30. Rff2 cxd5 31. cxd5 Nf8 32. Rc2 Qb6 33.
Rg2 Ng6 34. d6 Qxd6 35. Rcd2 Qb6 36. Rd7 Qe3 37. Rg3 Qf2+ 38. Rg2 Qxh4+ 39. Kg1 Qe1+ 40. Kh2 h4 41. Rxb7 h3 42. Kxh3 Qh1+ 43. Kg3 Nf4+ 44. Kf3 Qxg2+ 45. Ke3 Qe2# 0-1

[Event "*** SCC Grand Prix: Titled Tuesday Blitz"]
[Site "Chess.com"]
[Date "2020.08.04"]
[Round "7"]
[White "Fandorine"]
[Black "Ermito2020"]
[Result "1-0"]
[WhiteElo "2893"]
[BlackElo "2671"]
[TimeControl "180+1"]
[EndTime "15:01:25 PDT"]
[Termination "Fandorine won by resignation"]

1. e4 e5 2. Nf3 Nc6 3. Bc4 Be7 4. d3 Nf6 5. O-O O-O 6. h3 d6 7. a4 Kh8 8. a5 a6 9. Nc3 Ng8 10. Nd5 f5 11. c3 fxe4 12. dxe4 Nf6 13. Re1 Nxd5 14.
Bxd5 Bd7 15. b4 Bf6 16. Be3 Rb8 17. Bc4 Ne7 18. Ng5 Qe8 19. Ne6 Bxe6 20. Bxe6 Qg6 21. Qg4 Qxg4 22. Bxg4 h6 23. g3 Bg5 24. Bxg5 hxg5 25. Kg2 Kh7 26. Reb1 Kg6 27. Be2 Kf6 28. b5 axb5 29. Rxb5 Nc6 30. Rab1 Rf7 31. Bc4 Re7 32. Bd5 Ra8 33. Rxb7 Nxa5 34. Rxc7 Rxc7 35. Bxa8 Rxc3 36. Bd5 Rc5 37. Rb8 Nc6 38. Rf8+ Kg6 39. Re8 Nd4 40.
Rd8 Kf6 41. Rxd6+ Ke7 42. Rg6 Rc2 43. Rxg7+ Kf6 44. Rf7+ Kg6 45. Rf8 Rb2 46. Bc4 Rc2 47. Ba6 Ra2 48. Bc8 Re2 49. Bf5+ Kg7 50. Re8 Nxf5 51.
exf5 Kf6 52. g4 e4 53. Re6+ Kf7 54. Kf1 Ra2 55. Rxe4 Ra3 56. Kg2 Rb3 57. Re6 Ra3 58.
Rg6 1-0

[Event "*** SCC Grand Prix: Titled Tuesday Blitz"]
[Site "Chess.com"]
[Date "2020.08.04"]
[Round "7"]
[White "cukin84"]
[Black "gisela_roque"]
[Result "1-0"]
[WhiteElo "2175"]
[BlackElo "1849"]
[TimeControl "180+1"]
[EndTime "15:01:27 PDT"]
[Termination "cukin84 won on time"]

1. e4 e6 2. d4 d5 3. Nc3 Nf6 4. e5 Nfd7 5. f4 c5 6. Nf3 Nc6 7. Be3 Be7 8. Qd2 O-O 9. Bd3 c4 10. Be2 Rb8 11. O-O b5 12. a3 a5 13. Kh1 b4 14. axb4 axb4 15. Nd1 f6 16. exf6 Bxf6 17.
Nf2 Ne7 18. Ng4 Nf5 19. Nxf6+ gxf6 20. Bg1 Kh8 21. Qe1 Rg8 22. Nh4 Nd6 23. Bf3 Nf8 24. Bf2 Ng6 25. Nxg6+ Rxg6 26. Bh5 Rg7 27. Bh4 Nf5 28. Bf2 Qg8 29. g4 Nd6 30. Bh4 Ne4 31.
Rf3 Bd7 32. Re3 Be8 33. Bxe8 Qxe8 34. Rxe4 dxe4 35. Qxe4 Kg8 36. Rg1 Qf7 37. h3 f5 38.
Qe5 Re8 39. g5 Qb7+ 40. Kh2 Qf3 41. Rg3 Qh5 42. g6 Rxg6 43. Rxg6+ Qxg6 44. Bg3 Re7 45.
Qc5 Rg7 46. Qc8+ Kf7 47. Qd7+ 1-0

[Event "*** SCC Grand Prix: Titled Tuesday Blitz"]
[Site "Chess.com"]
[Date "2020.08.04"]
[Round "7"]
[White "Lenyas66"]
[Black "Jenia84"]
[Result "1/2-1/2"]
[WhiteElo "2499"]
[BlackElo "2357"]
[TimeControl "180+1"]
[EndTime "15:01:29 PDT"]
[Termination "Game drawn by repetition"]

1. e4 e5 2. Nf3 Nc6 3. Bb5 Nf6 4. O-O Nxe4 5. Re1 Nd6 6. Nxe5 Be7 7. Bf1 O-O 8. d4 Nxe5 9. dxe5 Ne8 10. Nc3 d6 11.
Bf4 dxe5 12. Bxe5 Qxd1 13. Raxd1 Be6 14. Nd5 Bxd5 15. Rxd5 Bf6 16. Rd7 Bxe5 17. Rxe5 Rc8 18. Ree7 g6 19. g3 Kg7 20. Bg2 b6 21. Bd5 Nf6 22.
Rxf7+ Kh6 23. Rxf8 Rxf8 24. Rxc7 Nxd5 25. Rxa7 Rc8 26.
c3 Re8 27. Rd7 Re1+ 28. Kg2 Nf6 29. Rd6 Ne4 30. Re6 b5 31. Re5 Re2 32. Kf3 Rxf2+ 33. Kxe4 Rxb2 34. h4 b4 35. cxb4 Rxb4+ 36. Kf3 Ra4 37. Re2 Kh5 38. Rb2 h6 39. Rc2 g5 40.
hxg5 hxg5 41. Rh2+ Kg6 42. Rc2 Kh5 43. Rb2 Kg6 44. Kg2 Kh5 45. Kh3 g4+ 46. Kg2 Ra5 47. Kf2 Kg5 48. Kg2 Kf5 49. Re2 Kg5 50. Kf2 Kf5 51. Kg2 Kg5 52. Kf2 Kf5 53. Kg2 1/2-1/2

[Event "*** SCC Grand Prix: Titled Tuesday Blitz"]
[Site "Chess.com"]
[Date "2020.08.04"]
[Round "7"]
[White "OK97"]
[Black "DaggiGretarsson"]
[Result "1-0"]
[WhiteElo "2812"]
[BlackElo "2616"]
[TimeControl "180+1"]
[EndTime "15:01:30 PDT"]
[Termination "OK97 won on time"]

1. Nf3 g6 2. e4 Bg7 3. d4 d6 4. Nc3 a6 5. Be3 b5 6. Bd3 Nd7 7. a4 b4 8. Nb1 c5 9. c3 a5 10.
O-O Bb7 11. Nbd2 Ngf6 12. Qe2 O-O 13. Rfd1 c4 14. Bxc4 Nxe4 15. Nxe4 Bxe4 16. Ng5 Bb7 17. h4 Nb6 18. Bb3 bxc3 19. bxc3 Ba6 20. Qf3 Bc4 21.
Bc2 h6 22. Ne4 Bd5 23. Qg3 h5 24. Re1 Qd7 25. Bg5 Ra7 26. Reb1 Qc6 27. Nd2 Rc8 28. Bd3 Nc4 29. Nf1 Rb7 30. Rxb7 Qxb7 31. Rb1 Qc6 32.
Bxe7 Qxa4 33. Ne3 Nxe3 34. fxe3 Qa2 35. Rf1 Rxc3 36. Bb1 Bxd4 37. Bxa2 Bxe3+ 38. Kh1 1-0

[Event "*** SCC Grand Prix: Titled Tuesday Blitz"]
[Site "Chess.com"]
[Date "2020.08.04"]
[Round "7"]
[White "GoltsevDmitry2000"]
[Black "chenxiaoyuer"]
[Result "0-1"]
[WhiteElo "2606"]
[BlackElo "2454"]
[TimeControl "180+1"]
[EndTime "15:01:30 PDT"]
[Termination "chenxiaoyuer won on time"]

1. b3 Nf6 2. Bb2 g6 3. g3 Bg7 4. Bg2 O-O 5. Nf3 d6 6. O-O e5 7.
d3 Nfd7 8. Nbd2 e4 9. Bxg7 exf3 10. Bxf8 fxg2 11. Kxg2 Nxf8 12. e4 Nc6 13. f4 f5 14.
Nf3 Qf6 15. Qe2 fxe4 16. dxe4 Bg4 17. Qe3 Re8 18. h3 Bf5 19. e5 dxe5 20. fxe5 Nxe5 21. Rae1 Nxf3 22. Qxe8 Nxe1+ 23. Rxe1 Bd7 24. Qe3 Qf5 25. g4 Qxc2+ 26. Re2 Qc6+ 27. Kh2 Qd6+ 28. Qg3 Kf7 29. Rf2+ Ke7 30. Re2+ Ne6 31. h4 Qxg3+ 32. Kxg3 c5 33. h5 Kf6 34. Rd2 Nd4 35. hxg6 hxg6 36. Rd3 Kg5 37. Re3 Bxg4 38. Re5+ Nf5+ 39. Kf2 b6 40.
Rd5 Kf4 41. Rd7 Nd4 42. Rxa7 Bf5 43. Rb7 g5 44. Rxb6 g4 45. Rb8 g3+ 46. Ke1 Nf3+ 47.
Ke2 g2 48. Rg8 Bg4 49. Rf8+ Kg3 50. Kd3 g1=Q 51. Kc4 Qd4+ 52. Kb5 Qb4+ 53. Kc6 c4 0-1

[Event "*** SCC Grand Prix: Titled Tuesday Blitz"]
[Site "Chess.com"]
[Date "2020.08.04"]
[Round "7"]
[White "AbigailCabezas"]
[Black "Hangar-18"]
[Result "0-1"]
[WhiteElo "1385"]
[BlackElo "2360"]
[TimeControl "180+1"]
[EndTime "15:01:30 PDT"]
[Termination "Hangar-18 won by checkmate"]

1. e4 c5 2. Nf3 e6 3. d4 cxd4 4.
Nxd4 a6 5. Nc3 b5 6. a3 Ne7 7.
Bd2 Nec6 8. Nf3 Qc7 9. Be2 Be7 10. O-O O-O 11. Re1 d6 12. Bd3 Nd7 13. Qc1 Bb7 14. Bg5 Bxg5 15. Qxg5 Nde5 16. Nxe5 Nxe5 17. Be2 Qc5 18. Qg3 b4 19. axb4 Qxb4 20. f4 Ng6 21. Bd3 e5 22. f5 Nf4 23. Na4 f6 24. c3 Qa5 25. Qe3 Qc7 26. Nb6 Rab8 27. Bxa6 Bc6 28. Nc4 d5 29. Na3 dxe4 30. Bc4+ Kh8 31. b3 Qd7 32. g3 Nh3+ 33. Kg2 Qxf5 34. Rf1 Qg4 35. Be2 Nf4+ 36. Rxf4 exf4 37. Bxg4 fxe3 38. Re1 Rxb3 39. Nc4 Rxc3 40. Nxe3 Rb8 41. Kh3 g6 42. Kh4 Rb2 43. Kh3 h5 44. Kh4 hxg4 45. Nxg4 Kg7 46. Nf2 Rxf2 47. Rg1 Rxh2+ 48. Kg4 Rf3 49. Re1 Bd7# 0-1

[Event "*** SCC Grand Prix: Titled Tuesday Blitz"]
[Site "Chess.com"]
[Date "2020.08.04"]
[Round "7"]
[White "eightbyeightchess"]
[Black "QuintilianoR"]
[Result "1/2-1/2"]
[WhiteElo "2432"]
[BlackElo "2623"]
[TimeControl "180+1"]
[EndTime "15:01:31 PDT"]
[Termination "Game drawn by repetition"]

1. e4 c5 2. Nf3 d6 3. d4 cxd4 4. Qxd4 Nc6 5. Bb5 Bd7 6. Bxc6 Bxc6 7. Nc3 Nf6 8. Bg5 e6 9. O-O-O Be7 10. Qd3 O-O 11. Nd4 Qc7 12. f4 Rfd8 13. f5 e5 14. Bxf6 Bxf6 15. Nde2 Rac8 16. h4 b5 17. Rd2 b4 18.
Nd5 Bxd5 19. Qxd5 Qb6 20. g4 Rc5 21. Qb3 Qc6 22. g5 Be7 23. g6 d5 24. gxf7+ Kf8 25. exd5 Rcxd5 26. Rxd5 Qxd5 27. Qxd5 Rxd5 28. c4 bxc3 29.
Nxc3 Rd4 30. Re1 Kxf7 31. Rxe5 Bxh4 32. Ra5 Rd7 33. b4 h5 34. Ne4 Be7 35. f6 gxf6 36. Rxh5 Rd4 37. Rh7+ Ke6 38. Nc5+ Bxc5 39. bxc5 Rc4+ 40.
Kd2 a5 41. Rc7 f5 42. Ke3 Kd5 43. Rf7 Ke5 44. Rc7 Kd5 45. Rf7 Kxc5 46. Rxf5+ Kb4 47. Kd3 Rc3+ 48. Kd2 Rc8 49. Rf3 Rc5 50. Rb3+ Ka4 51. Kd1 Rc4 52. Kd2 Rb4 53. Kc2 Rh4 54. Kb1 Rh2 55.
Rg3 Rh1+ 56. Kb2 Rh2+ 57. Kb1 Rh1+ 58. Kb2 Rh2+ 59. Kb1 1/2-1/2

[Event "*** SCC Grand Prix: Titled Tuesday Blitz"]
[Site "Chess.com"]
[Date "2020.08.04"]
[Round "7"]
[White "Resignify"]
[Black "spacegirl987"]
[Result "1-0"]
[WhiteElo "2207"]
[BlackElo "1939"]
[TimeControl "180+1"]
[EndTime "15:01:31 PDT"]
[Termination "Resignify won by resignation"]

1. Nf3 d5 2. c4 dxc4 3. Na3 Nf6 4. g3 Be6 5. Bg2 g6 6. Ne5 Bd5 7. f3 Bg7 8. Nexc4 Bxc4 9. Nxc4 Qd4 10. d3 O-O 11.
Be3 Qd5 12. O-O Qb5 13. a4 Qd7 14. Ne5 Qe6 15. Nc4 Nd5 16. Bf2 Nc6 17. f4 Rfd8 18.
Rb1 Ndb4 19. Re1 Rab8 20. Qb3 a5 21. Nxa5 Qxb3 22. Nxb3 Nc2 23. Rec1 N2d4 24. Nxd4 Nxd4 25. Kf1 c6 26. Rc4 Nb3 27. Ke1 Na5 28. Rb4 Rd7 29. Bb6 c5 30. Bxc5 Nc6 31. Bxc6 Rc7 32. Bxb7 Rbxb7 33. Rxb7 Rxb7 34. b4 Bc3+ 35. Kd1 Bf6 36. a5 e5 37. a6 Rb8 38. fxe5 Bxe5 39. d4 Ra8 40. dxe5 Rd8+ 41. Ke1 Kg7 42. b5 f6 43. a7 fxe5 44. b6 Kf7 45. b7 Ke6 46. b8=Q Rxb8 47. axb8=Q Kf6 1-0

[Event "*** SCC Grand Prix: Titled Tuesday Blitz"]
[Site "Chess.com"]
[Date "2020.08.04"]
[Round "7"]
[White "MasterKroket"]
[Black "BJthechessgod"]
[Result "1/2-1/2"]
[WhiteElo "2398"]
[BlackElo "2272"]
[TimeControl "180+1"]
[EndTime "15:01:32 PDT"]
[Termination "Game drawn by repetition"]

1. d4 Nf6 2. c4 e6 3. Nf3 b6 4. Nc3 Bb7 5. Bg5 Bb4 6. Qc2 O-O 7. Nd2 Bxc3 8. bxc3 h6 9. Bh4 d6 10. e4 Nbd7 11. f4 e5 12. Bd3 exf4 13. O-O g5 14. Bf2 Ng4 15. Rae1 Nxf2 16. Rxf2 Re8 17. h4 f6 18. Qd1 Qe7 19. Qh5 Kg7 20. e5 Qf7 21.
Qxf7+ Kxf7 22. e6+ Kg7 23. h5 d5 24. Rfe2 Nf8 25. e7 Nd7 26. Bf5 Nb8 27. cxd5 Bxd5 28. c4 Bf7 29. Bg4 c6 30. Bf3 a5 31. d5 cxd5 32.
cxd5 Ra7 33. d6 Nd7 34. Bc6 Ne5 35. Rxe5 fxe5 36. Rxe5 Kf6 37. Rb5 Rb8 38. Ne4+ Ke6 39. Bd5+ Ke5 40. Bxf7+ Kxe4 41. e8=Q+ Rxe8 42. Bxe8 f3 43. gxf3+ Kxf3 44. d7 Rc7 45. d8=Q Rc1+ 46. Kh2 Rc2+ 47. Kg1 Rc1+ 48. Kh2 Rc2+ 49. Kg1 Rc1+ 1/2-1/2

[Event "*** SCC Grand Prix: Titled Tuesday Blitz"]
[Site "Chess.com"]
[Date "2020.08.04"]
[Round "7"]
[White "Dr-Bassem"]
[Black "mishanick"]
[Result "0-1"]
[WhiteElo "2789"]
[BlackElo "2938"]
[TimeControl "180+1"]
[EndTime "15:01:33 PDT"]
[Termination "mishanick won on time"]

1. f4 d5 2. Nf3 Bg4 3. e3 e6 4. Be2 Nf6 5. O-O Nbd7 6. b3 Bd6 7. Bb2 O-O 8. Ne5 Bxe2 9. Qxe2 c6 10. d3 Qc7 11.
Nxd7 Nxd7 12. Qg4 g6 13. e4 f5 14. exf5 Rxf5 15. g3 Raf8 16. Nd2 e5 17. fxe5 Bxe5 18.
Rxf5 Rxf5 19. d4 Nf6 20. Qh3 Qb6 21. c3 Bd6 22. Rf1 Rxf1+ 23. Kxf1 Qa6+ 24. Ke1 Kf7 25. a4 Qd3 26. Qc8 Qe3+ 27. Kd1 Qe7 28. Nf3 Ne4 29.
c4 Nf2+ 30. Kc1 Qe3+ 31. Nd2 Qe1+ 32. Kc2 Qd1+ 33. Kc3 Ne4+ 34. Nxe4 dxe4 35. Qxb7+ Kf6 36.
c5 a5 37. Qa6 e3 38. cxd6 Qd2+ 39. Kc4 Qe2+ 40. Kc5 Qxa6 41. d5+ Kf7 42. dxc6 e2 43. d7 Qa7+ 44. Kd6 e1=Q 0-1

[Event "*** SCC Grand Prix: Titled Tuesday Blitz"]
[Site "Chess.com"]
[Date "2020.08.04"]
[Round "7"]
[White "BlueWizzard"]
[Black "Robert_Chessmood"]
[Result "1/2-1/2"]
[WhiteElo "2711"]
[BlackElo "2949"]
[TimeControl "180+1"]
[EndTime "15:01:35 PDT"]
[Termination "Game drawn by repetition"]

1. e4 e5 2. Nc3 Nc6 3. g3 Bc5 4. Nf3 d6 5. Na4 Be6 6. Bb5 Bb6 7. Nxb6 axb6 8. d4 exd4 9. Qxd4 Nf6 10. e5 dxe5 11.
Qxd8+ Kxd8 12. O-O Kc8 13. Re1 Bd5 14. Nxe5 Re8 15.
Bf4 g5 16. Bxc6 bxc6 17. Bxg5 Ne4 18. Bf4 Kb7 19. c4 f6 20. cxd5 fxe5 21. dxc6+ Kxc6 22. Rxe4 exf4 23. Rxf4 Re2 24. Rf7 Rxb2 25. Rc1+ Kb5 26. Rcxc7 Raxa2 27. Rf5+ Ka6 28. g4 h6 29. Rh7 b5 30. Rxh6+ Ka5 31. g5 Rb1+ 32. Kg2 Raa1 33. Rh8 Rg1+ 34. Kf3 Rac1 35. Ra8+ Kb4 36. Rb8 Rc3+ 37.
Ke2 Rc2+ 38. Kd3 Rc3+ 39. Kd2 Rc5 40. Rxc5 Kxc5 41. f4 Kd4 42. Ke2 Ke4 43. Rxb5 Kxf4 44. h4 Rg2+ 45. Kd3 Kg4 46. Ke4 Kxh4 47. Kf4 Rg4+ 48.
Kf3 Rg3+ 49. Kf4 Rg4+ 50. Kf3 Rg3+ 51. Ke4 Rg4+ 52. Kf3 1/2-1/2

[Event "*** SCC Grand Prix: Titled Tuesday Blitz"]
[Site "Chess.com"]
[Date "2020.08.04"]
[Round "7"]
[White "Semen_Khanin"]
[Black "Fighter008"]
[Result "0-1"]
[WhiteElo "2772"]
[BlackElo "2630"]
[TimeControl "180+1"]
[EndTime "15:01:36 PDT"]
[Termination "Fighter008 won by resignation"]

1. e4 c5 2. Nf3 e6 3. d4 cxd4 4. Nxd4 a6 5. c4 Nf6 6. Nc3 Qc7 7. a3 b6 8. Be3 Bb7 9. f3 d6 10. Qd2 Nbd7 11. Be2 Be7 12. b4 Rc8 13. Rc1 Qb8 14. O-O Bd8 15. Rfd1 Bc7 16. b5 O-O 17. bxa6 Bxa6 18.
Nc6 Qa8 19. Ne7+ Kh8 20. Nxc8 Rxc8 21. Nb5 Bb8 22. Nxd6 Rf8 23. f4 e5 24. Bf3 Qc6 25.
Qb2 Bxd6 26. Rxd6 Qxd6 27. Rd1 Qc7 28. fxe5 Nxe5 29. Bxb6 Nxf3+ 30. gxf3 Qxc4 31. Bd4 Qe6 32. Bc5 Rc8 33. Bd4 h6 34. Kh1 Qh3 35. Qf2 Nh5 36.
Rg1 Kh7 37. Be5 Bd3 38. Qe3 Bc4 39. a4 Rd8 40. Bd4 Rxd4 41. Qxd4 Qxf3+ 42. Rg2 Bf1 43.
Qg1 Nf4 0-1

[Event "*** SCC Grand Prix: Titled Tuesday Blitz"]
[Site "Chess.com"]
[Date "2020.08.04"]
[Round "7"]
[White "RobertoJBM"]
[Black "Steven_Rojas"]
[Result "1-0"]
[WhiteElo "2706"]
[BlackElo "2450"]
[TimeControl "180+1"]
[EndTime "15:01:38 PDT"]
[Termination "RobertoJBM won on time"]

1. d4 e6 2. c4 Nf6 3. Nf3 d5 4. Nc3 Be7 5. cxd5 exd5 6. Qc2 c5 7. Bg5 Nc6 8. dxc5 g6 9. e3 Bf5 10. Bd3 Nb4 11. Qa4+ Qd7 12. Bb5 Nc6 13. Ne5 Nxe5 14.
Bxd7+ Nexd7 15. Bxf6 Bxf6 16. Nxd5 Bd8 17. e4 Be6 18.
Nf4 Rc8 19. Nxe6 fxe6 20. Rd1 Rc7 21. b4 a6 22. O-O Bf6 23. Rd6 Ke7 24. Qb3 Nf8 25.
f4 Bg7 26. e5 g5 27. Qg3 h6 28.
fxg5 Ng6 29. Rf6 Bxf6 30. gxf6+ Kf7 31. Qe3 Nh4 32. Qb3 Re8 33. g4 Ng6 34. Qe3 Rh8 35.
h3 h5 36. g5 Nh4 37. Qb3 Re8 38. Kf2 Nf5 39. Qd3 Kg6 40. Kf3 Kxg5 41. Qd2+ Kg6 42.
Kf4 Rf7 43. Qg2+ Kh7 44. Qg5 Rg8 45. Qxh5+ Nh6 46. Rxe6 Rd7 47. Re7+ Rxe7 48. fxe7 Kg7 49.
e8=Q 1-0

[Event "*** SCC Grand Prix: Titled Tuesday Blitz"]
[Site "Chess.com"]
[Date "2020.08.04"]
[Round "7"]
[White "Grandmaster2B"]
[Black "louis198"]
[Result "0-1"]
[WhiteElo "2384"]
[BlackElo "2513"]
[TimeControl "180+1"]
[EndTime "15:01:40 PDT"]
[Termination "louis198 won by resignation"]

1. e4 e6 2. d4 d5 3. Nd2 Nc6 4. Ngf3 Nf6 5. e5 Nd7 6. Be2 f6 7. exf6 Qxf6 8. Nf1 Bd6 9. Ne3 O-O 10. O-O Ne7 11. Re1 c6 12. c3 e5 13. Ng4 Qf5 14.
Nfxe5 Bxe5 15. Bd3 Bxh2+ 16. Kxh2 Qh5+ 17. Kg1 Qf7 18. Qe2 Ng6 19. g3 h5 20. Ne3 Nf6 21. Nf5 Ng4 22. Nd6 Qf6 23. Nxc8 Raxc8 24. Qe6+ Qxe6 25.
Rxe6 Nh8 26. f4 Nf7 27. Bd2 Nfh6 28. Rae1 Rc7 29. Re7 Rfc8 30. Bg6 Nf6 31. Rxc7 Rxc7 32. f5 Nf7 33. Bf4 Rd7 34. Re6 Kf8 35. Be5 Re7 36.
Bxf7 Kxf7 37. Rxe7+ Kxe7 38. Bb8 a6 39. Kg2 Nd7 40. Bf4 Kf6 41. Kf3 Kxf5 42. Bd6 g5 43.
b3 Nf6 44. Be5 Ne4 45. c4 g4+ 46. Kg2 Nc3 47. Bf4 Nxa2 48. cxd5 cxd5 49. Bd2 Ke4 50. Kf2 Kxd4 51. Ba5 Nc3 52. Bb6+ Kd3 53. Ba5 Ne4+ 54.
Kg2 d4 55. Bc7 b5 56. Bf4 0-1

[Event "*** SCC Grand Prix: Titled Tuesday Blitz"]
[Site "Chess.com"]
[Date "2020.08.04"]
[Round "7"]
[White "Klavdia_Nik"]
[Black "Roza_Idrisova"]
[Result "0-1"]
[WhiteElo "2009"]
[BlackElo "2239"]
[TimeControl "180+1"]
[EndTime "15:01:40 PDT"]
[Termination "Roza_Idrisova won by checkmate"]

1. Nf3 d5 2. c4 c6 3. b3 Bf5 4. Bb2 e6 5. g3 Nf6 6. Bg2 Be7 7. O-O O-O 8. d3 h6 9. Nbd2 a5 10. a3 Na6 11. Qc2 Re8 12. Ne5 Nd7 13. e4 dxe4 14. dxe4 Bh7 15. f4 Nxe5 16. Bxe5 Bf6 17. Nf3 Bxe5 18.
Nxe5 f6 19. Nf3 Qc7 20. c5 Rad8 21. Rad1 e5 22. f5 Kh8 23. Nh4 Bg8 24. Ng6+ Kh7 25. Bf3 Bf7 26. Nh4 Qe7 27. Ng6 Qxc5+ 28. Qxc5 Nxc5 29. b4 axb4 30. axb4 Nd3 31. b5 cxb5 32. Be2 Nc5 33. Bxb5 Rxd1 34. Rxd1 Rc8 35. Ne7 Ra8 36. Re1 Ra5 37. Bf1 Ra4 38. Bg2 Rb4 39. Nd5 Rb2 40.
h4 h5 41. Rc1 b6 42. Bf3 Kh6 43. Rc3 g6 44. Nxb6 gxf5 45. exf5 Rxb6 46. Rxc5 Be8 47. Kf2 Bb5 48. Ke3 Bf1 49. Be4 Rd6 50. Rb5 Bh3 51.
Ra5 Bg4 52. Ra8 Rb6 53. Rf8 Kg7 54. Rd8 Rb2 55. Rd3 Re2# 0-1

[Event "*** SCC Grand Prix: Titled Tuesday Blitz"]
[Site "Chess.com"]
[Date "2020.08.04"]
[Round "7"]
[White "dosto07"]
[Black "Stormeman100100"]
[Result "1/2-1/2"]
[WhiteElo "2293"]
[BlackElo "2442"]
[TimeControl "180+1"]
[EndTime "15:01:41 PDT"]
[Termination "Game drawn by repetition"]

1. e4 c6 2. d4 d5 3. Nc3 dxe4 4. Nxe4 Nf6 5. Nxf6+ exf6 6. c3 Bd6 7. Bd3 O-O 8. Ne2 Re8 9. Qc2 h5 10. h3 Nd7 11. Be3 Nf8 12. O-O-O Be6 13. g4 h4 14. Nf4 b5 15. Nxe6 Nxe6 16. Kb1 a5 17. d5 cxd5 18. Bxb5 Re7 19. Bc6 Rb8 20. Bxd5 Qc8 21.
Ka1 Nc5 22. Bxc5 Bxc5 23. Rhe1 Qc7 24. Qf5 Ba3 25. Bb3 Rxe1 26. Rxe1 a4 27. Qd3 axb3 28. bxa3 bxa2 29. Kxa2 Qb7 30. Rb1 Qa7 31. Rxb8+ Qxb8 32. c4 Qb6 33. Qc2 Qc5 34. f4 g6 35. f5 gxf5 36. gxf5 Kg7 37. Kb3 Kh6 38. Qc3 Kg5 39. Qb4 Qe3+ 40.
Ka4 Kxf5 41. c5 Ke5 42. Qb5 Ke6 43. c6 Qa7+ 44. Kb4 Kd6 45. a4 Qd4+ 46. Ka5 Qa7+ 47.
Kb4 Qd4+ 48. Ka5 Qa7+ 49. Kb4 1/2-1/2